 Dungeon Crawl Stone Soup version 0.23.2-33-g5129a83184 (webtiles) character file.

Game seed: 13926331603588073466

60 NochnoyZador the Slasher (level 4, -6/33 HPs)
             Began as a Merfolk Gladiator on Aug 12, 2019.
             Killed from afar by Blork the orc (8 damage)
             ... with a puff of flame
             ... on level 3 of the Dungeon.
             The game lasted 00:06:32 (2058 turns).

NochnoyZador the Slasher (Merfolk Gladiator)        Turns: 2058, Time: 00:06:32

Health: -6/33      AC:  5    Str: 14    XL:     4   Next: 4%
Magic:  4/4        EV: 14    Int:  7    God:
Gold:   182        SH:  0    Dex: 16    Spells: 3/3 levels left

rFire    . . .     SeeInvis .   a - +0 long sword
rCold    . . .     Gourm    .   (no shield)
rNeg     + . .     Faith    .   b - +0 leather armour
rPois    .         Spirit   .   c - +0 helmet
rElec    .         Reflect  .   u - +0 cloak
rCorr    .         Harm     .   (no gloves)
MR       .....                  (no boots)
Stlth    +.........             (no amulet)
HPRegen  0.11/turn              r - ring of positive energy
MPRegen  0.09/turn              (no ring)

@: no status effects
A: change form in water, swift swim, stealthy swim
a: no special abilities


You were on level 3 of the Dungeon.
You were not hungry.

You visited 1 branch of the dungeon, and saw 3 of its levels.

You collected 182 gold pieces.

Inventory:

Hand Weapons
 a - a +0 long sword (weapon)
Missiles
 d - 3 throwing nets
 g - 13 stones (quivered)
 i - 20 sling bullets
 k - 6 javelins
Armour
 b - a +0 leather armour (worn)
 c - a +0 helmet (worn)
 u - a +0 cloak (worn)
Jewellery
 m - an uncursed amulet of regeneration {unknown}
 r - a ring of positive energy (left hand)
Scrolls
 e - a scroll of immolation {unknown}
 j - a scroll of fear {unknown}
 l - 2 scrolls of remove curse
 n - 3 scrolls of amnesia {unknown}
 p - a scroll of magic mapping {unknown}
 q - a scroll of enchant weapon {unknown}
 s - 3 scrolls of teleportation {unknown}
Potions
 h - a potion of cancellation
 o - 2 potions of magic
 t - a potion of flight {unknown}
 v - a potion of invisibility {unknown}
Comestibles
 f - 9 rations


   Skills:
 - Level 2.1 Fighting
 + Level 5.3 Long Blades
 - Level 2.0 Throwing
 - Level 4.0 Dodging


You had 3 spell levels left.
You didn't know any spells.
Your spell library was empty.

Dungeon Overview and Level Annotations

Branches:
Dungeon (3/15)

Altars:
Elyvilon
Hepliaklqana
Zin

Annotations:
D:3 Blork the orc


Message History

Aim: Blork the orc, wielding a +0 mace and wearing a +0 robe (heavily wounded)
You throw a stone. The stone barely misses Blork the orc.
Throwing (i - inventory. (/) - cycle)
g - 16 stones (quivered)
Press: ? - help, Shift-Dir - straight line, f/p - Blork the orc
Aim: Blork the orc, wielding a +0 mace and wearing a +0 robe (heavily wounded)
You throw a stone. The stone barely misses Blork the orc.
Throwing (i - inventory. (/) - cycle)
g - 15 stones (quivered)
Press: ? - help, Shift-Dir - straight line, f/p - Blork the orc
Aim: Blork the orc, wielding a +0 mace and wearing a +0 robe (heavily wounded)
You throw a stone.
The stone hits Blork the orc but does no damage.
Blork the orc is heavily wounded.
Throwing (i - inventory. (/) - cycle)
g - 14 stones (quivered)
Press: ? - help, Shift-Dir - straight line, f/p - Blork the orc
Aim: Blork the orc, wielding a +0 mace and wearing a +0 robe (heavily wounded)
You throw a stone. The stone hits Blork the orc.
Blork the orc is heavily wounded.
Blork the orc points at you and mumbles some strange words.
The puff of flame hits you!
You die...

###.......#........#
#.#
######...........#
#..
##...###.........#
###
.......##........#
........##.......#
..≈≈≈....#.......#
.≈≈≈≈≈...####...##
≈≈...≈≈.....#..##
≈≈.>o§§....@..##
≈((((≈≈.....###
.≈≈≈≈≈...####
..≈≈≈....#
........## .......##
##...## ####


There were no monsters in sight!

Vanquished Creatures
  2 adders (D:3)
  2 oozes (D:3)
  A leopard gecko (D:1)
  4 goblins
  5 hobgoblins
  3 bats
  2 frilled lizards
  6 kobolds
  8 rats
33 creatures vanquished.

Notes
Turn   | Place    | Note
-------+----------+-------------------------------------------
     0 | D:1      | NochnoyZador the Merfolk Gladiator began the quest for the
                  | Orb.
     0 | D:1      | Reached XP level 1. HP: 16/16 MP: 1/1
   141 | D:1      | Reached XP level 2. HP: 20/22 MP: 2/2
   286 | D:1      | Reached skill level 4 in Long Blades
   929 | D:2      | Reached XP level 3. HP: 23/27 MP: 3/3
  1011 | D:2      | Found a hazy altar of Hepliaklqana.
  1015 | D:2      | Found a glowing silver altar of Zin.
  1027 | D:2      | Found a white marble altar of Elyvilon.
  1411 | D:3      | Found a faded altar of an unknown god.
  1462 | D:3      | Reached skill level 5 in Long Blades
  1787 | D:3      | Reached XP level 4. HP: 28/33 MP: 4/4
  2005 | D:3      | Noticed Blork the orc
  2045 | D:3      | HP: 1/33 [something/puff of flame (9)]
  2058 | D:3      | Killed from afar by Blork the orc

Skill      XL: |  1  2  3 |
---------------+----------+-----
Long Blades    | 4 5 |  5.3
Fighting       | |  2.1
Throwing       | |  2.0
Dodging        | |  4.0

Action                   |  1- 3 |  4- 6 || total
-------------------------+-------+-------++-------
Melee: Long sword        |    92 |     6 ||    98
Throw: Stone             |       |    41 ||    41
  Use: Scroll            |     4 |       ||     4
       Potion            |     1 |       ||     1
 Stab: Sleeping          |     1 |       ||     1
  Eat: Ration            |     1 |       ||     1
       Chunk             |     1 |       ||     1
Armor: Leather armour    |    25 |     5 ||    30
Dodge: Dodged            |    64 |    12 ||    76
       Rpst.: Long sword |    15 |     3 ||    18
